Map: World of Sleepers LE

Players

Fuego - Winner!

  • Race: Terran Terran
  • Spawn Location: 1:00

JusticeSimon

  • Race: Protoss Protoss
  • Spawn Location: 7:00

Event: NationWars 2019

VOD

Have the link to the VOD?

Description

Time

  • Played on: Oct. 1, 2019, 11:13 a.m.
  • Length: 12:05
Show
View Real Time Build Order
Export as new Build Order

Fuego Terran - Winner!

Build Orders: Banshee Rush 

Get SALT Encoding   

  12  0:01  SCV  
  13  0:13  SCV  
  14  0:17  Supply Depot  
  14  0:25  SCV  
  15  0:39  SCV  
  15  0:40  Barracks  
  16  0:43  Refinery  
  16  0:51  SCV  
  17  1:03  SCV  
  18  1:15  SCV  
  19  1:30  Barracks Reactor, Orbital Command  
  19  1:40  Command Center  
  19  1:52  Supply Depot  
  19  1:57  SCV  
  20  2:06  Marine x2  
  22  2:09  SCV  
  23  2:16  Factory  
  23  2:21  SCV  
  24  2:24  Marine x2  
  26  2:31  Refinery  
  26  2:33  SCV  
  27  2:42  Marine x2  
  29  2:46  SCV  
  30  2:53  Orbital Command  
  30  3:01  Starport  
  30  3:08  Hellion, Barracks Tech Lab  
  30  3:09  Hellion  
  30  3:12  SCV  
  35  3:24  SCV  
  36  3:29  SCV  
  36  3:30  Hellion  
  36  3:31  Hellion  
  41  3:37  Refinery  
  41  3:39  Barracks Tech Lab  
  41  3:40  SCV  
  42  3:42  Supply Depot  
  42  3:44  Cloaking Field  
  42  3:50  Banshee  
  42  4:11  SCV  
  40  4:18  SCV  
  40  4:20  Command Center  
  40  4:23  SCV, Bunker  
  39  4:26  Marine  
  39  4:27  Siege Tank, Marine  
  39  4:31  SCV  
  45  4:43  Raven  
  42  4:47  SCV x2  
  42  4:51  Engineering Bay  
  44  4:53  Supply Depot  
  44  4:54  Marine x2  
  44  4:59  SCV  
  47  5:01  SCV  
  47  5:03  Siege Tank  
  51  5:11  SCV  
  51  5:13  Barracks  
  52  5:14  Barracks  
  52  5:19  Marine x2, SCV  
  55  5:27  SCV  
  56  5:28  Supply Depot  
  56  5:34  SCV  
  57  5:37  Marine x2  
  57  5:39  SCV  
  60  5:46  SCV  
  60  5:47  Siege Tank  
  60  5:48  Orbital Command  
  64  5:51  SCV  
  64  5:56  Starport Reactor, Terran Infantry Weapons Level 1  
  65  5:58  Marine x2, SCV  
  65  6:02  Barracks Tech Lab  
  65  6:03  SCV  
  69  6:08  Stimpack  
  69  6:09  Refinery  
  69  6:10  Marauder, SCV  
  72  6:15  SCV  
  72  6:17  Marine  
  72  6:18  Marine  
  75  6:22  Siege Tank  
  75  6:23  Marauder, Combat Shield  
  75  6:25  Orbital Command  
  80  6:31  Marine  
  81  6:38  SCV x2  
  83  6:42  Marine x2  
  85  6:47  Medivac x2, Marauder  
  85  6:50  SCV, Barracks x2  
  85  6:52  Supply Depot  
  92  7:01  Marine  
  93  7:03  Orbital Command  
  93  7:06  Supply Depot  
  93  7:14  Marine x2, Marauder  
  97  7:19  Supply Depot  
  97  7:21  Supply Depot  
  97  7:27  SCV  
  97  7:29  SCV  
  99  7:30  SCV  
  99  7:33  Medivac x2  
  99  7:35  Marine x2, Marauder  
  108  7:38  Barracks Tech Lab  
  108  7:42  Barracks Reactor, Supply Depot  
  108  7:44  SCV, Supply Depot  
  109  7:45  Factory Reactor  
  109  7:47  SCV x2  
  111  7:56  Sensor Tower, Marine x2  
  111  7:57  Concussive Shells  
  111  7:58  Sensor Tower  
  113  7:59  Marine  
  114  8:07  Marine, Marauder  
  114  8:09  SCV  
  114  8:11  Terran Infantry Armor Level 1  
  118  8:13  SCV, Armory  
  118  8:14  Engineering Bay  
  118  8:19  Ghost Academy  
  119  8:24  Marine  
  119  8:25  Marauder, Supply Depot  
  122  8:30  Marine  
  122  8:31  Marauder  
  122  8:33  SCV  
  126  8:39  Refinery x2  
  126  8:42  Command Center  
  126  8:50  Liberator x2, SCV  
  126  8:52  Marine x2  
  126  8:53  Marauder  
  131  9:04  Marine x3  
  131  9:06  Widow Mine x2  
  131  9:08  Terran Infantry Weapons Level 2  
  144  9:10  Terran Ship Weapons Level 1  
  144  9:14  SCV  
  145  9:20  SCV  
  145  9:23  SCV, Supply Depot  
  149  9:43  Marine  
  143  9:52  Marine x4  
  129  9:56  Liberator  
  129  9:57  Liberator, SCV x2  
  129  9:58  Marine, Unknown  
  128  10:01  Marine  
  129  10:10  Marine x3  
  129  10:11  Marauder  
  129  10:12  Marine, Unknown  
  141  10:16  Marine  
  141  10:18  Marine  
  141  10:19  Starport  
  143  10:28  Marine x2  
  145  10:35  Marine  
  143  10:36  Marauder  
  143  10:40  Liberator  
  143  10:41  Liberator  
  132  10:45  Marine  
  132  10:46  Marine x4  
  118  10:53  Marine  
  118  10:57  Marine  
  118  10:59  SCV  
  118  11:01  SCV  
  118  11:02  SCV  
  118  11:03  Marine  
  118  11:04  Marine x3  
  129  11:05  Marauder  
  129  11:11  Marine  
  133  11:15  Marauder  
  136  11:21  Marine x2  
  136  11:22  Marine, Marauder  
  136  11:26  Marauder  
  136  11:30  Marine  
  130  11:36  Marine  
  130  11:38  Marine  
  130  11:39  Marine  
  130  11:40  Marine  
  130  11:43  Marine  
Show
View Real Time Build Order
Export as new Build Order

JusticeSimon Protoss 

Build Orders: 1 Gate Expand, Blink Stalkers 

Get SALT Encoding   

  12  0:05  Probe  
  13  0:17  Probe  
  13  0:20  Pylon  
  14  0:29  Probe (Chrono Boost)  
  15  0:40  Gateway  
  15  0:42  Probe (Chrono Boost)  
  16  0:48  Probe (Chrono Boost)  
  17  0:50  Assimilator  
  17  0:56  Probe  
  18  1:08  Probe  
  19  1:20  Probe  
  20  1:27  Nexus  
  20  1:34  Cybernetics Core  
  20  1:38  Probe  
  21  1:40  Assimilator  
  21  1:50  Probe  
  21  1:52  Pylon  
  22  2:02  Probe  
  23  2:09  Adept (Chrono Boost)  
  23  2:12  Warp Gate  
  23  2:14  Probe  
  26  2:26  Probe, Twilight Council  
  27  2:31  Stalker  
  29  2:39  Probe x2 (Chrono Boost)  
  31  2:48  Probe x2 (Chrono Boost)  
  33  2:53  Probe x2 (Chrono Boost)  
  35  3:01  Stalker  
  35  3:05  Blink (Chrono Boost)  
  37  3:06  Probe x2  
  39  3:13  Gateway  
  39  3:18  Pylon  
  39  3:22  Probe x2  
  41  3:30  Robotics Facility  
  41  3:34  Probe x2  
  41  3:37  Shield Battery  
  43  3:43  Pylon  
  43  3:46  Probe x2  
  45  3:53  Pylon  
  41  4:04  Stalker  
  38  4:14  Stalker  
  37  4:17  Probe x2  
  36  4:29  Probe x2  
  34  4:35  Stalker  
  33  4:41  Probe (Chrono Boost)  
  35  4:45  Probe (Chrono Boost)  
  35  4:47  Observer  
  35  4:52  Probe (Chrono Boost), Stalker  
  39  4:56  Probe (Chrono Boost)  
  39  4:57  Probe (Chrono Boost)  
  41  5:05  Probe (Chrono Boost), Stalker  
  44  5:08  Probe (Chrono Boost)  
  44  5:10  Observer  
  46  5:16  Nexus  
  46  5:17  Probe (Chrono Boost)  
  46  5:20  Pylon  
  45  5:24  Stalker  
  45  5:26  Probe (Chrono Boost)  
  45  5:27  Probe  
  45  5:45  Probe  
  46  5:50  Probe  
  47  5:57  Probe  
  47  6:02  Probe, Charge  
  49  6:09  Probe  
  50  6:14  Probe  
  50  6:15  Gateway x2  
  50  6:18  Gateway  
  51  6:21  Probe  
  51  6:22  Sentry  
  54  6:27  Probe  
  54  6:30  Gateway  
  55  6:33  Probe, Gateway  
  55  6:35  Sentry  
  60  6:40  Probe x2 (Chrono Boost)  
  60  6:45  Probe (Chrono Boost)  
  61  6:51  Immortal (Chrono Boost)  
  61  6:52  Probe x2 (Chrono Boost)  
  67  6:55  Probe (Chrono Boost)  
  67  6:57  Probe (Chrono Boost)  
  67  6:59  Zealot  
  71  7:05  Gateway  
  71  7:09  Zealot  
  71  7:13  Probe x3  
  76  7:16  Pylon  
  76  7:19  Pylon  
  76  7:25  Immortal (Chrono Boost)  
  80  7:33  Zealot x4  
  88  7:40  Forge  
  88  7:44  Zealot x3  
  88  7:47  Probe x2  
  96  7:53  Pylon  
  96  7:57  Sentry x2  
  96  7:58  Zealot x2  
  104  8:07  Warp Prism  
  104  8:09  Pylon  
  104  8:12  Stalker x2  
  110  8:13  Zealot  
  110  8:17  Pylon  
  112  8:25  Protoss Ground Armor Level 1  
  115  8:27  Probe x3 (Chrono Boost)  
  115  8:37  Probe x3 (Chrono Boost)  
  118  8:42  Probe x2 (Chrono Boost)  
  120  8:55  Zealot x6  
  132  8:59  Pylon  
  132  9:01  Pylon  
  132  9:02  Assimilator  
  132  9:04  Assimilator, Pylon  
  132  9:05  Pylon  
  132  9:06  Pylon  
  130  9:21  Pylon, Forge  
  122  9:27  Zealot x8  
  126  9:48  Zealot  
  126  9:49  Zealot x7  
  102  10:09  Zealot x7  
  102  10:10  Zealot  
  116  10:30  Stalker x4  
  116  10:32  Stalker x2  
  116  10:33  Nexus, Zealot x2  
  85  10:53  Zealot x4  
  91  10:57  Zealot  
  91  10:58  Zealot x3  
  91  11:03  Templar Archives  
  91  11:14  Stalker x3  
  91  11:15  Zealot  
  95  11:18  Zealot  
  95  11:19  Zealot x3  
Tags
 
Add a new tag
Caveats
  • Supply blocks, unpowered buildings, or Contaminate may cause inaccurate times.
  • Supply counts are checked every 10 seconds.